Map: 2000 Atmospheres LE

Players

HeroMarine

  • Race: Terran Terran
  • League: Master

SKillous - Winner!

  • Race: Protoss Protoss
  • League: Grandmaster

Event: DreamHack SC2 Masters 2021 Summer

VOD

Have the link to the VOD?

Description

Time

  • Played on: May 27, 2021, 11:13 a.m.
  • Length: 13:33

All games in this series

Show
View Real Time Build Order
Export as new Build Order

HeroMarine Terran 

Build Orders: Reaper Expand 

Get SALT Encoding   

  12  0:00  SCV  
  13  0:12  SCV  
  14  0:16  Supply Depot  
  14  0:24  SCV  
  15  0:38  SCV  
  15  0:39  Barracks  
  16  0:43  Refinery  
  16  0:50  SCV  
  17  1:02  SCV  
  18  1:14  SCV  
  19  1:27  Orbital Command, Reaper  
  20  1:40  Command Center  
  20  1:47  Supply Depot  
  20  1:52  SCV  
  21  1:59  Marine  
  22  2:04  SCV  
  23  2:09  Factory  
  23  2:16  SCV  
  23  2:17  Marine  
  23  2:22  Bunker  
  25  2:27  Refinery  
  25  2:28  SCV  
  26  2:35  Marine  
  27  2:40  SCV  
  28  2:53  SCV, Marine, Factory Tech Lab  
  28  2:54  Bunker  
  28  2:57  Orbital Command  
  30  3:05  SCV  
  31  3:10  Marine  
  31  3:12  Cyclone  
  35  3:19  Starport  
  35  3:21  SCV  
  35  3:24  SCV  
  37  3:30  Barracks Reactor  
  37  3:33  SCV  
  38  3:34  Engineering Bay  
  38  3:37  SCV  
  39  3:45  Barracks  
  39  3:46  SCV  
  40  3:51  SCV  
  41  3:58  SCV  
  41  4:02  Cyclone  
  42  4:03  SCV  
  42  4:06  Missile Turret  
  44  4:10  SCV  
  44  4:15  SCV  
  43  4:20  Viking  
  43  4:23  Supply Depot  
  43  4:27  Barracks  
  43  4:28  SCV x2  
  45  4:37  Marine  
  45  4:38  Marine  
  45  4:40  SCV  
  45  4:45  SCV  
  47  4:52  SCV  
  44  4:54  Marauder, Stimpack  
  44  4:57  SCV  
  44  4:59  Terran Infantry Weapons Level 1  
  47  5:01  Marine x2  
  47  5:02  Factory Tech Lab  
  47  5:04  SCV  
  50  5:09  SCV, Supply Depot  
  51  5:15  Marine, Supply Depot  
  51  5:16  SCV  
  51  5:18  Marine  
  51  5:19  Missile Turret  
  54  5:26  Supply Depot  
  54  5:27  SCV  
  54  5:28  SCV  
  54  5:29  Marine  
  54  5:34  Marine  
  54  5:36  Marine, Combat Shield  
  54  5:38  Marine  
  54  5:39  SCV  
  54  5:40  SCV  
  54  5:41  Starport Reactor, Factory Reactor  
  56  5:45  Supply Depot  
  56  5:47  Marine  
  56  5:49  Refinery  
  57  5:51  SCV, Marine  
  57  5:53  SCV  
  57  5:54  Marine  
  57  5:56  Marine, Missile Turret  
  62  5:58  Supply Depot  
  60  6:05  Marine  
  60  6:09  Marine  
  61  6:11  Marine  
  61  6:14  Marine, Command Center  
  65  6:22  Marine  
  65  6:23  SCV x2, Missile Turret  
  63  6:26  Widow Mine x2  
  63  6:27  Marine  
  63  6:29  Marine  
  63  6:30  Medivac  
  63  6:31  Marine  
  63  6:32  Medivac  
  74  6:35  SCV  
  74  6:39  SCV  
  76  6:40  Marine  
  76  6:45  Marine  
  78  6:47  SCV, Marine  
  78  6:49  Marine  
  78  6:51  SCV, Armory  
  81  6:54  Widow Mine  
  81  6:58  Marine  
  81  6:59  SCV  
  81  7:00  Terran Infantry Armor Level 1  
  83  7:05  Marauder  
  83  7:06  Marauder  
  83  7:07  Marine  
  88  7:11  SCV x2  
  90  7:16  Refinery, Marine  
  91  7:23  Widow Mine  
  91  7:25  Marine  
  91  7:28  SCV x2, Marine x2  
  91  7:29  Widow Mine  
  100  7:32  Supply Depot  
  100  7:33  Supply Depot  
  100  7:34  Marine  
  101  7:40  SCV  
  102  7:53  SCV, Marine x2  
  102  7:54  Widow Mine x2  
  102  7:56  Barracks, Medivac  
  102  7:57  Barracks, Medivac  
  113  8:02  SCV  
  114  8:06  SCV, Orbital Command  
  114  8:09  Marine  
  112  8:15  Ghost Academy  
  112  8:18  SCV  
  112  8:19  Marauder  
  113  8:21  Marauder  
  113  8:22  SCV  
  113  8:25  Marine  
  114  8:27  Marine  
  114  8:28  Orbital Command  
  114  8:30  SCV  
  114  8:32  Widow Mine  
  111  8:37  Widow Mine, Missile Turret  
  114  8:42  Medivac x2  
  114  8:47  Ghost x2  
  121  8:49  Barracks Reactor  
  121  8:50  Barracks Tech Lab, SCV  
  121  8:52  SCV  
  123  8:55  SCV  
  124  9:03  SCV  
  124  9:04  SCV  
  124  9:07  Widow Mine x2  
  124  9:08  SCV  
  130  9:10  Marine x2  
  130  9:11  Marine  
  130  9:12  Medivac  
  130  9:13  Terran Infantry Weapons Level 2  
  130  9:15  SCV, Marine  
  130  9:16  SCV  
  138  9:18  Concussive Shells  
  138  9:19  Marine  
  140  9:25  Supply Depot  
  140  9:26  Marine  
  140  9:27  Marine  
  140  9:28  Marine  
  140  9:31  Supply Depot  
  143  9:33  Refinery x2, Supply Depot  
  143  9:34  Ghost  
  143  9:36  SCV x3  
  147  9:40  Viking  
  148  9:47  Viking  
  148  9:52  Starport  
  150  9:56  Supply Depot  
  150  9:59  Missile Turret  
  149  10:07  SCV x3  
  149  10:10  Viking  
  149  10:12  Marauder  
  149  10:13  Marauder x2  
  156  10:17  Viking  
  156  10:19  Bunker, Supply Depot  
  161  10:30  Viking  
  161  10:31  Viking  
  161  10:33  Marine  
  161  10:34  Marauder, Marine  
  164  10:37  Enhanced Shockwaves  
  164  10:38  Marine x2  
  166  10:45  Marine x2  
  166  10:47  Viking  
  170  10:50  Viking  
  170  10:51  Marine  
  172  11:00  Viking  
  172  11:02  Viking  
  175  11:09  Marauder x2  
  175  11:11  Terran Ship Weapons Level 1  
  179  11:12  Marauder, Marine  
  179  11:17  Viking  
  184  11:20  Viking  
  186  11:30  Viking  
  186  11:32  Ghost  
  189  11:40  Viking  
  189  11:42  Marine x4  
  189  11:44  Marine  
  189  11:45  Marine  
  196  11:48  Viking  
  186  11:57  Viking  
  186  11:59  SCV  
  186  12:00  Viking  
  169  12:01  SCV  
  169  12:02  SCV  
  169  12:07  Marauder  
  164  12:10  Marauder, Viking  
  164  12:11  SCV  
  159  12:16  Marine x2  
  159  12:17  Marine  
  159  12:20  Viking  
  162  12:28  Viking  
  164  12:30  Ghost  
  164  12:32  Ghost  
  164  12:35  Marauder, Marine  
  164  12:36  Marine  
  172  12:38  Marine x2  
  172  12:39  Orbital Command  
  172  12:42  Viking  
  176  12:46  Viking  
  172  12:55  Orbital Command  
  172  12:56  Marauder  
  172  12:57  Viking  
  171  13:02  Ghost  
Show
View Real Time Build Order
Export as new Build Order

SKillous Protoss - Winner!

Build Orders: Phoenix Opening, Mass Phoenix 

Get SALT Encoding   

  12  0:00  Probe  
  13  0:12  Probe  
  14  0:17  Pylon  
  14  0:24  Probe  
  15  0:35  Gateway  
  15  0:36  Probe (Chrono Boost)  
  16  0:43  Assimilator  
  16  0:47  Probe (Chrono Boost)  
  17  0:51  Assimilator  
  17  0:52  Probe (Chrono Boost)  
  18  1:03  Probe  
  19  1:15  Probe  
  19  1:16  Pylon  
  20  1:22  Cybernetics Core  
  20  1:26  Zealot  
  20  1:31  Probe  
  23  1:43  Probe  
  24  1:55  Probe  
  24  1:59  Adept (Chrono Boost)  
  24  2:00  Stargate  
  27  2:08  Warp Gate  
  27  2:10  Probe  
  27  2:11  Pylon  
  28  2:23  Stalker  
  30  2:43  Phoenix (Chrono Boost)  
  32  2:59  Nexus  
  32  3:02  Phoenix (Chrono Boost)  
  34  3:07  Probe  
  35  3:19  Probe  
  36  3:22  Phoenix (Chrono Boost)  
  36  3:25  Pylon  
  38  3:33  Probe  
  39  3:43  Phoenix  
  39  3:45  Probe  
  40  4:04  Probe  
  40  4:08  Phoenix (Chrono Boost)  
  43  4:14  Twilight Council  
  44  4:18  Probe (Chrono Boost)  
  44  4:21  Probe (Chrono Boost)  
  45  4:27  Phoenix (Chrono Boost)  
  45  4:28  Probe (Chrono Boost)  
  49  4:31  Probe (Chrono Boost)  
  49  4:36  Probe  
  50  4:41  Probe  
  51  4:48  Probe, Phoenix  
  54  4:54  Probe, Charge  
  54  4:57  Gateway  
  55  5:00  Probe, Gateway  
  55  5:06  Probe  
  57  5:12  Probe  
  57  5:14  Phoenix (Chrono Boost)  
  60  5:16  Pylon  
  60  5:23  Nexus  
  60  5:25  Probe  
  61  5:30  Probe  
  62  5:37  Phoenix (Chrono Boost)  
  62  5:39  Probe  
  62  5:41  Assimilator  
  62  5:42  Probe  
  66  5:47  Gateway  
  66  5:48  Gateway  
  66  5:52  Pylon  
  66  5:54  Phoenix (Chrono Boost)  
  68  6:01  Probe  
  68  6:02  Probe  
  70  6:05  Shield Battery  
  70  6:11  Shield Battery  
  70  6:12  Pylon, Zealot, Sentry  
  74  6:24  Zealot  
  76  6:29  Gateway x2  
  76  6:31  Gateway  
  76  6:33  Probe  
  76  6:34  Probe  
  76  6:39  Phoenix (Chrono Boost)  
  79  6:45  Probe  
  79  6:47  Zealot x2, Sentry  
  83  6:49  Probe  
  83  6:51  Probe  
  89  6:58  Probe (Chrono Boost)  
  89  6:59  Phoenix (Chrono Boost)  
  92  7:01  Probe (Chrono Boost)  
  92  7:07  Probe (Chrono Boost)  
  94  7:10  Zealot x2  
  94  7:13  Probe (Chrono Boost)  
  94  7:15  Probe (Chrono Boost)  
  101  7:18  Pylon  
  101  7:21  Pylon  
  101  7:23  Probe, Pylon  
  101  7:26  Robotics Facility  
  101  7:29  Pylon  
  101  7:30  Pylon  
  101  7:36  Phoenix, Pylon  
  104  7:39  Probe (Chrono Boost)  
  104  7:40  Probe (Chrono Boost), Forge  
  106  7:44  Probe (Chrono Boost)  
  106  7:48  Zealot x3  
  106  7:49  Probe (Chrono Boost)  
  114  7:52  Probe (Chrono Boost)  
  114  7:55  Zealot x3  
  120  7:59  Assimilator  
  120  8:03  Zealot  
  120  8:04  Assimilator  
  120  8:08  Probe  
  121  8:14  Zealot x3  
  121  8:19  Probe  
  128  8:20  Pylon  
  128  8:31  Probe  
  128  8:33  Pylon  
  127  8:36  Probe x2  
  129  8:41  Protoss Ground Weapons Level 1 (Chrono Boost)  
  129  8:43  Zealot x2, Robotics Bay  
  129  8:44  Robotics Facility  
  129  8:45  Assimilator  
  129  8:46  Pylon  
  129  8:47  Probe  
  134  8:53  Pylon  
  134  8:58  Probe  
  133  9:07  Nexus  
  133  9:08  Pylon  
  133  9:14  Probe, Forge  
  133  9:16  Observer (Chrono Boost)  
  135  9:20  Zealot x5  
  135  9:23  Zealot  
  145  9:28  Templar Archives  
  145  9:29  Colossus (Chrono Boost)  
  145  9:38  Colossus (Chrono Boost)  
  157  9:45  Extended Thermal Lance  
  157  9:48  Protoss Ground Armor Level 1 (Chrono Boost)  
  157  9:54  Probe x2  
  157  9:57  Photon Cannon  
  157  9:58  Photon Cannon  
  151  10:15  Colossus, High Templar  
  151  10:16  High Templar  
  151  10:20  Archon  
  161  10:23  Shield Battery  
  161  10:24  Colossus (Chrono Boost)  
  161  10:25  Photon Cannon  
  161  10:28  Pylon  
  167  10:32  Protoss Ground Weapons Level 2 (Chrono Boost)  
  167  10:36  Blink  
  167  10:47  Nexus  
  167  10:49  Zealot x5  
  173  10:58  Pylon  
  173  11:10  Stalker x7  
  173  11:11  Warp Prism (Chrono Boost)  
  189  11:24  Photon Cannon  
  189  11:25  Shield Battery  
  187  11:32  Zealot  
  181  11:45  Zealot  
  181  11:46  Zealot x6  
  176  11:58  Zealot  
  176  11:59  Colossus x2  
  170  12:07  Zealot x7  
  162  12:26  Gateway  
  162  12:27  High Templar  
  162  12:28  Gateway  
  162  12:29  High Templar x3  
  170  12:30  Gateway, High Templar  
  170  12:31  High Templar, Zealot x2  
  170  12:34  Archon x2  
  170  12:36  Gateway, Archon  
  166  12:59  Zealot x3  
  166  13:02  Zealot x4  
  168  13:11  Zealot x5  
Tags
 
Add a new tag
Caveats
  • Supply blocks, unpowered buildings, or Contaminate may cause inaccurate times.
  • Supply counts are checked every 10 seconds.